 Dungeon Crawl Stone Soup version 0.32-a0-314-g526f7d4993 (webtiles) character file.

Game seed: 2854996235140599689

10244 AlmostDecent the Severer (level 11, -5/142 HPs)
             Began as a Mountain Dwarf Berserker on Feb 15, 2024.
             Was an Elder of Trog.
             Slain by a troll (8 damage)
             ... on level 11 of the Dungeon.
             The game lasted 00:26:02 (10749 turns).

AlmostDecent the Severer (MDBe)                    Turns: 10749, Time: 00:26:03

Health: -5/142     AC: 18    Str: 23    XL:     11   Next: 33%
Magic:  11/11      EV:  7    Int:  9    God:    Trog [****..]
Gold:   442        SH:  0    Dex:  9    Spells: 10/10 levels left

rFire   . . .        p - +1 war axe (flame)
rCold   . . .        (no shield)
rNeg    . . .        f - +0 plate armour
rPois   .            (no helmet)
rElec   .            t - +0 cloak
rCorr   .            k - +2 pair of gloves
SInv    .            (no boots)
Will    +++..        (no amulet) Stlth
                     (no ring)
HPRegen 1.43/turn    (no ring)
MPRegen 0.12/turn

%: no passive effects
@: berserking, lethally poisoned (-5 -> -6), strong-willed, regenerating, very
quick
A: runic magic, artefact enchanting
a: Renounce Religion, Berserk, Trog's Hand, Brothers in Arms


You were on level 11 of the Dungeon.
You worshipped Trog.
Trog was greatly pleased with you.
You visited 1 branch of the dungeon, and saw 11 of its levels.

You collected 507 gold pieces.
You spent 65 gold pieces at shops.

Inventory:

Hand Weapons
 p - a +1 war axe of flaming (weapon)
 s - a +4 quarterstaff of chaos
 B - a +2 war axe of freezing
Missiles
 b - a throwing net (quivered)
Armour
 f - a +0 plate armour (worn)
 k - a +2 pair of gloves (worn)
 t - a +0 cloak (worn)
Jewellery
 F - a ring of fire
Wands
 g - a wand of iceblast (5)
 i - a wand of mindburst (15)
 j - a wand of polymorph (7)
 q - a wand of digging (5)
 v - a wand of paralysis (8)
Scrolls
 a - 2 scrolls of blinking
 e - 4 scrolls of teleportation
 h - 2 scrolls of immolation
 m - 3 scrolls of identify
 u - 2 scrolls of brand weapon
 x - a scroll of silence
 y - a scroll of fear
 E - a scroll of poison
Potions
 c - 5 potions of curing
 d - a potion of mutation
 l - 4 potions of attraction
 n - 2 potions of berserk rage
 o - a potion of invisibility {unknown}
 r - 2 potions of resistance
 w - a potion of lignification {unknown}
 z - a potion of enlightenment {unknown}
 A - a potion of heal wounds
 C - a potion of might {unknown}
 D - a potion of degeneration {unknown}


   Skills:
 + Level 8.8 Fighting
 * Level 16.9 Axes
 + Level 8.4 Armour
 + Level 2.7 Dodging
 + Level 0.3 Stealth


You had 10 spell levels left.
You didn't know any spells.
Your spell library was empty.

Dungeon Overview and Level Annotations

Branches:
Dungeon (11/15)            Temple (0/1) D:6             Orc (0/2) D:10
   Lair: D:8-11

Altars:
Elyvilon
Fedhas
Hepliaklqana
Makhleb
Qazlal
Trog
Zin

Shops:
D:4 :   D:8 !

Annotations:
D:5 3 runed translucent doors, Dazliare's ghost, novice MDSh


Innate Abilities, Weirdness & Mutations

Your spellcasting is much less encumbered by armour.
You can use scrolls of enchantment on lesser artefacts.


Message History

You slash the yak! You burn the yak.
You feel sick.
You barely miss the gnoll sergeant.
The gnoll sergeant is almost dead.
You slash the yak! You burn the yak.
You feel sick. The yak gores you.
* * * LOW HITPOINT WARNING * * *
The gnoll sergeant barely misses you.
You hit the gnoll sergeant. You burn the gnoll sergeant.
You kill the gnoll sergeant!
Trog accepts your kill.
You barely miss the yak.
You feel sick.
Found a whip.
You feel sick. The yak barely misses you. The yak gores you but does no damage.
The gnoll hits you but does no damage. The troll bites you!
* * * LOW HITPOINT WARNING * * *
The troll claws you but does no damage. x2
Items here: ) [[ †.
You completely miss the troll. You slash the yak! You burn the yak.
You hit the yak. You burn the yak.
You feel sick.
You closely miss the troll. You hit the yak. You burn the yak.
You slice the yak!! You burn the yak.
You feel the power of Trog in you as your rage grows.
You kill the yak!
Trog accepts your kill.
You feel sick. The troll bites you!
* * * LOW HITPOINT WARNING * * *
The troll barely misses you. The troll completely misses you.
The yak gores you.
* * * LOW HITPOINT WARNING * * *
The gnoll hits you but does no damage.
You slash the troll! You burn the troll.
The troll is heavily wounded.
You barely miss the yak.
You feel sick.
You slash the yak! You burn the yak.
You kill the yak!
Trog accepts your kill.
You hit the troll but do no damage.
You feel sick. The gnoll hits you but does no damage. The troll bites you.
* * * LOW HITPOINT WARNING * * *
The troll claws you!
You die...

#.................
#................
#............... .
#............).# ..
#.........# ...#..#
#.........# Y......
#..)....).##H......
##...?...@Tg....#
##...#....)#.###.#
#.............#
#....#.⌠.⌠.#..#
#...............
##...#.....#..... .#
#......._.........###.#.#
#....#.....#...##.......###
#............# #.........


You could see a manticore, a yak, a troll and a gnoll.

Vanquished Creatures
  2 two-headed ogres
  Pikel (D:4)
  Jeremiah (D:7)
  A kobold demonologist (D:9)
  2 trolls
  Sigmund (D:2)
  A shadow (D:9)
  A wraith (D:9)
  15 yaks
  The ghost of dialectric the Covered, an amateur MDFi (D:4)
  A steam dragon (D:7)
  Edmund (D:4)
  An acid dragon (D:8)
  A water moccasin (D:9)
  Duvessa (D:7)
  4 ice beasts
  2 sky beasts
  A black bear (D:4)
  A centaur (D:8)
  A lemure (D:4)
  6 kobold brigands
  2 gnoll sergeants
  4 scorpions
  16 wights
  Dowan (D:7)
  6 killer bees (D:9)
  4 howler monkeys
  4 bombardier beetles
  3 orc priests
  6 hounds
  Crazy Yiuf (D:4)
  2 jellies
  A sleepcap (D:6)
  A gnoll bouda (D:9)
  Jessica (D:2)
  Ijyb (D:4)
  Terence (D:2)
  3 iguanas
  15 orc wizards
  14 gnolls
  8 adders
  2 shadow imps
  A white imp (D:7)
  2 ribbon worms (D:2)
  31 orcs
  6 endoplasms
  3 giant cockroaches
  10 hobgoblins
  9 jackals
  3 quokkas
  9 ball pythons
  3 bats
  2 frilled lizards
  10 goblins
  18 kobolds
  7 rats
256 creatures vanquished.

Notes
Turn   | Place    | Note
-------+----------+-------------------------------------------
     0 | D:1      | AlmostDecent the Mountain Dwarf Berserker began the quest
                  | for the Orb.
     0 | D:1      | Reached XP level 1. HP: 19/19 MP: 1/1
   138 | D:1      | Reached XP level 2. HP: 23/26 MP: 2/2
   170 | D:1      | Reached skill level 4 in Axes
   268 | D:1      | Reached XP level 3. HP: 30/33 MP: 3/3
   664 | D:1      | Reached ** piety under Trog
   785 | D:2      | Noticed Terence
   792 | D:2      | Killed Terence
   793 | D:2      | Reached XP level 4. HP: 40/40 MP: 4/4
   832 | D:2      | Noticed Jessica
   838 | D:2      | Killed Jessica
   839 | D:2      | Reached skill level 5 in Axes
   962 | D:2      | Noticed Sigmund
   973 | D:2      | Killed Sigmund
   974 | D:2      | Reached skill level 6 in Axes
   974 | D:2      | Reached XP level 5. HP: 47/47 MP: 5/5
   974 | D:2      | Reached XP level 6. HP: 53/53 MP: 6/6
  1106 | D:2      | Identified the +0 robe "Kyaxky" {rPois Str+9 Dex-5}
  2331 | D:3      | Reached skill level 7 in Axes
  2580 | D:4      | Noticed Ijyb
  2589 | D:4      | Killed Ijyb
  2641 | D:4      | Found Tahuq's Book Emporium.
  2874 | D:4      | Reached XP level 7. HP: 58/60 MP: 7/7
  2991 | D:4      | Found a glowing silver altar of Zin.
  3026 | D:4      | Reached skill level 8 in Axes
  3106 | D:4      | Noticed Edmund
  3116 | D:4      | Noticed Pikel
  3126 | D:4      | Killed Edmund
  3133 | D:4      | Killed Pikel
  3134 | D:4      | Reached skill level 5 in Fighting
  3134 | D:4      | Reached skill level 10 in Axes
  3134 | D:4      | Reached XP level 8. HP: 26/69 MP: 8/8
  3334 | D:4      | Reached skill level 5 in Armour
  3677 | D:4      | Found a large runed translucent door.
  3678 | D:4      | Found a large runed translucent door.
  3678 | D:4      | Noticed dialectric's ghost (amateur MDFi)
  3692 | D:4      | Killed dialectric's ghost
  3776 | D:4      | Found a runed translucent door.
  3777 | D:4      | Noticed Crazy Yiuf
  3785 | D:4      | Killed Crazy Yiuf
  3851 | D:5      | Entered Level 5 of the Dungeon
  3851 | D:5      | Noticed Dazliare's ghost (novice MDSh)
  3851 | D:5      | Found a runed translucent gate.
  3851 | D:5      | Found a runed translucent gate.
  3851 | D:5      | Found a runed translucent gate.
  3900 | D:5      | Reached skill level 11 in Axes
  4621 | D:5      | Reached XP level 9. HP: 75/75 MP: 9/9
  5299 | D:6      | Found a staircase to the Ecumenical Temple.
  5383 | D:6      | Reached *** piety under Trog
  5402 | D:6      | Reached skill level 12 in Axes
  6505 | D:7      | Found a blossoming altar of Fedhas.
  6526 | D:7      | Noticed Jeremiah
  6554 | D:7      | Killed Jeremiah
  6555 | D:7      | Reached skill level 13 in Axes
  6655 | D:7      | Found a stormy altar of Qazlal.
  6681 | D:7      | Noticed Duvessa
  6684 | D:7      | Noticed Dowan
  6691 | D:7      | Killed Duvessa
  6696 | D:7      | Killed Dowan
  7249 | D:8      | Reached XP level 10. HP: 84/84 MP: 10/10
  7529 | D:8      | Reached skill level 14 in Axes
  7642 | D:8      | Found a hazy altar of Hepliaklqana.
  7707 | D:8      | Found Toan's Distillery.
  7731 | D:8      | Reached **** piety under Trog
  7849 | D:8      | Bought a potion of heal wounds for 65 gold pieces
  8269 | D:8      | Reached skill level 15 in Axes
  8808 | D:9      | Reached skill level 16 in Axes
  9229 | D:9      | Noticed a two-headed ogre
  9238 | D:9      | Killed a two-headed ogre
  9239 | D:9      | Reached XP level 11. HP: 94/94 MP: 11/11
  9273 | D:9      | Found a bloodstained altar of Trog.
  9356 | D:10     | Entered Level 10 of the Dungeon
  9577 | D:10     | Found a staircase to the Orcish Mines.
  9738 | D:10     | HP: 4/94 [poisoned by an orc wizard]
 10044 | D:10     | Found a burning altar of Makhleb.
 10536 | D:11     | Found a white marble altar of Elyvilon.
 10679 | D:11     | Noticed a two-headed ogre
 10686 | D:11     | Killed a two-headed ogre
 10747 | D:11     | HP: 5/142 [yak (5)]
 10749 | D:11     | Slain by a troll

Illustrated notes

Levels and vault maps discovered:
D:1:      ncdulo_smallfort, layout_loops_ring, minmay_bisected
D:2:      layout_basic, grunt_decor_junction, kennysheep_generic_room_10,
          uniq_jessica, uniq_sigmund, uniq_terence
D:3:      layout_basic, minmay_misc_feat_roman
D:4:      layout_loops_ring, kennysheep_mini, ebering_ghost_disaster_area,
          serial_shops, shop, uniq_pikel, uniq_edmund, uniq_crazy_yiuf_cottage,
          uniq_ijyb
D:5:      cheibrodos_quashed, layout_layer_cave, ebering_ghost_rock_garden
D:6:      minmay_flawed_box, layout_basic, minmay_temple_entry_statues_pillars
D:7:      layout_layer_cave, mainiacjoe_overflow_small_starburst,
          mainiacjoe_overflow_cross_hatched, kennysheep_another_room,
          uniq_duvessa, uniq_jeremiah
D:8:      layout_rooms, nicolae_hepliaklqana_hippocampus, serial_shops,
          nicolae_shop_getting_attention
D:9:      layout_long_grid, kennysheep_little_box
D:10:     layout_loops_corners, lightli_temple_of_fire, orc_0_dummy,
          minmay_misc_feat_secret_circle
D:11:     layout_rooms, erik_lair_dragon, elyvilon_altar_5

Skill      XL: |  1  2  3  4  5  6  7  8  9 10 |
---------------+-------------------------------+-----
Axes           | 4 6 7 10 11 13 16 | 16.9
Fighting       | 4 5 6 8 |  8.8
Dodging        | 2 |  2.7
Armour         | 3 4 6 7 8 |  8.4
Stealth        | |  0.3

Action                     |  1- 3 |  4- 6 |  7- 9 | 10-12 || total
---------------------------+-------+-------+-------+-------++-------
  Melee: Hand axe          |    91 |   111 |       |       ||   202
         War axe           |       |    53 |   325 |   269 ||   647
 Invoke: Berserk           |     1 |     5 |     7 |     6 ||    19
         Trog's Hand       |       |     5 |     6 |     4 ||    15
    Use: Scroll            |       |       |    16 |     3 ||    19
         Potion            |       |       |       |     3 ||     3
 Armour: Animal skin       |    28 |       |       |       ||    28
         Plate armour      |    30 |   157 |   291 |   305 ||   783
  Dodge: Dodged            |    73 |    55 |    96 |    98 ||   322

Table legend: (Time is in decaauts)
 A = Elapsed time spent in this place.
 B = Non-inter-level travel time spent in this place.
 C = Inter-level travel time spent in this place.
 D = Time resting spent in this place.
 E = Time spent auto-exploring this place.
 F = Levels seen in this place.
 G = Mean time per level.
                   A        B        C        D        E       F      G
               +--------+--------+--------+--------+--------+-----+--------+
         Total |  10800 |  10533 |    267 |    399 |   8455 |  11 |  981.8 |
       Dungeon |  10800 |  10533 |    267 |    399 |   8455 |  11 |  981.8 |
               +--------+--------+--------+--------+--------+-----+--------+

Top non-repeatable levels by time:
     D:4: 1300 daAuts
     D:6: 1242 daAuts
     D:5: 1139 daAuts
    D:10: 1138 daAuts
     D:9: 1076 daAuts
     D:2: 1041 daAuts
     D:8: 1018 daAuts
     D:7: 1006 daAuts
     D:3: 842 daAuts
     D:1: 742 daAuts
    D:11: 252 daAuts
